 Dungeon Crawl Stone Soup version 0.31.0-11-ge490571c62 (webtiles) character file.

Game seed: 13787688117012572172

900 protoss039 the Digger (level 7, -1/54 HPs)
             Began as a Demonspawn Earth Elementalist on Jan 28, 2024.
             Was a Follower of Vehumet.
             Slain by an orc warrior
             ... wielding a +0 trident
              (5 damage)
             ... on level 6 of the Dungeon.
             The game lasted 00:07:34 (3460 turns).

protoss039 the Digger (DsEE)                        Turns: 3460, Time: 00:07:35

Health: -1/54      AC: 12    Str:  8    XL:     7   Next: 79%
Magic:  13/13      EV:  4    Int: 19    God:    Vehumet [*.....]
Gold:   162        SH:  0    Dex: 14    Spells: 7/14 levels left

rFire   . . .        e - +0 spear (venom)
rCold   . . .        (no shield)
rNeg    . . .        B - +2 chain mail {rPois}
rPois   +            o - +0 helmet
rElec   .            (no cloak)
rCorr   +            (no gloves)
SInv    .            (no boots)
Will    .....        (no amulet) Stlth
                     a - ring of wizardry
HPRegen 0.29/turn    v - ring of resist corrosion
MPRegen 0.13/turn

%: wizardry (x1)
@: no status effects
A: powered by death 1, spiny 2, big brain 1, demonic touch 1
a: Renounce Religion


You were on level 6 of the Dungeon.
You worshipped Vehumet.
Vehumet was aware of your devotion.
You visited 1 branch of the dungeon, and saw 6 of its levels.

You collected 282 gold pieces.
You spent 120 gold pieces at shops.

Inventory:

Hand Weapons
 e - a +0 spear of venom (weapon)
 D - a +1 trident of distortion
Missiles
 p - a throwing net
Armour
 f - a +2 ring mail of willpower
 o - a +0 helmet (worn)
 B - a +2 chain mail of poison resistance (worn)
Jewellery
 a - a ring of wizardry (left hand)
 c - a ring of positive energy
 v - a ring of resist corrosion (right hand)
Wands
 t - a wand of mindburst (11)
 A - a wand of polymorph (8)
 C - a wand of roots (3)
Scrolls
 d - 3 scrolls of teleportation
 g - 2 scrolls of noise
 h - 2 scrolls of poison
 m - 2 scrolls of vulnerability {unknown}
 r - a scroll of identify
 s - a scroll of immolation {unknown}
 w - 2 scrolls of blinking {unknown}
 x - a scroll of fear {unknown}
 y - a scroll of enchant weapon {unknown}
 z - a scroll of fog {unknown}
 F - a scroll of enchant armour {unknown}
Potions
 b - a potion of magic
 i - 3 potions of curing
 j - 2 potions of ambrosia
 k - a potion of might {unknown}
 n - 2 potions of enlightenment {unknown}
 q - a potion of haste {unknown}
 u - a potion of heal wounds {unknown}
 E - a potion of attraction {unknown}


   Skills:
 + Level 4.0 Fighting
 - Level 3.0 Polearms
 - Level 3.0 Armour
 - Level 1.7 Dodging
 - Level 1.7 Stealth
 + Level 4.3 Spellcasting
 - Level 1.0 Conjurations
 + Level 4.5 Earth Magic


You had 7 spell levels left.
You knew the following spells:

 Your Spells              Type           Power      Damage    Failure   Level
a - Sandblast             Erth           42%        2d11      50%         1
b - Passwall              Erth           21%        N/A       85%         3
c - Stone Arrow           Conj/Erth      28%        3d8       97%         3

Your spell library contained the following spells:

 Spells                   Type           Power      Damage    Failure   Level
 Freeze                   Ice            16%        1d4       98%         1
 Brom's Barrelling Bould  Conj/Erth      14%        2d4       100%        4
 Petrify                  Alch/Erth      12%        N/A       100%        4


Dungeon Overview and Level Annotations

Branches:
Dungeon (6/15)             Temple (0/1) D:5

Altars:
Dithmenos
Uskayaw
Vehumet
Xom

Shops:
D:5 ?

Annotations:
D:4 1 runed translucent door, Shym's ghost, amateur SpHs
D:5 1 runed translucent door


Innate Abilities, Weirdness & Mutations

You regenerate a little health from kills.
You are mostly covered in sharp spines.
You have an unusually large brain. (Int +2)
Your touch may inflict minor irresistible damage on your foes.


Message History

You reach to attack!
You hit the orc warrior but do no damage.
The orc warrior looks even sicker.
The orc warrior is almost dead.
The orc warrior hits you from afar with a +0 trident.
Unknown command.
Unknown command.
Reach: e) +0 spear (venom)
Press: ? - help, Dir - move target, f/p - orc warrior
Aim: an orc warrior, wielding a +0 trident and wearing a +0 chain mail (almost dead, very poisoned, about 39% to evade your +0 spear of venom)
You reach to attack!
You barely miss the orc warrior.
The orc warrior is almost dead.
The orc warrior hits you from afar with a +0 trident.
* * * LOW HITPOINT WARNING * * *
Unknown command.
Reach: e) +0 spear (venom)
Press: ? - help, Dir - move target, f/p - orc warrior
Aim: an orc warrior, wielding a +0 trident and wearing a +0 chain mail (almost dead, very poisoned, about 39% to evade your +0 spear of venom)
You reach to attack!
You barely miss the orc warrior.
The orc warrior is almost dead.
The orc warrior hits you from afar with a +0 trident.
* * * LOW HITPOINT WARNING * * *
Unknown command.
Reach: e) +0 spear (venom)
Press: ? - help, Dir - move target, f/p - orc warrior
Aim: an orc warrior, wielding a +0 trident and wearing a +0 chain mail (almost dead, very poisoned, about 39% to evade your +0 spear of venom)
You reach to attack!
You barely miss the orc warrior.
The orc warrior is almost dead.
The orc warrior hits you from afar with a +0 trident!
* * * LOW HITPOINT WARNING * * *
Unknown command.
Reach: e) +0 spear (venom)
Press: ? - help, Dir - move target, f/p - orc warrior
Aim: an orc warrior, wielding a +0 trident and wearing a +0 chain mail (almost dead, very poisoned, about 39% to evade your +0 spear of venom)
You reach to attack!
You hit the orc warrior but do no damage.
The orc warrior looks as sick as possible!
The orc warrior is almost dead.
The orc warrior hits you from afar with a +0 trident.
You die...

### ..# #.#
#.# #.# #@#
#)# #######o#
#.....)o######
#.####.<.....#
##.####.# #..
##.# .#


You could see an orc warrior (extremely poisoned) and an orc.

Vanquished Creatures
  A black bear (D:5)
  An ice beast (D:5)
  A scorpion (D:5)
  2 bombardier beetles
  2 orc priests (D:5)
  2 hounds
  A sleepcap (D:5)
  3 iguanas
  3 orc wizards
  Ijyb (D:4)
  Robin (D:2)
  3 gnolls (D:2)
  8 adders
  4 ufetubi
  The ghost of TobyConnect the Sneak, a weakling HuDe (D:5)
  2 dart slugs (D:3)
  4 ribbon worms
  14 orcs
  8 bats
  6 endoplasms
  3 giant cockroaches (D:4)
  17 goblins
  16 hobgoblins
  6 jackals
  6 kobolds
  A quokka (D:2)
  9 ball pythons
  2 frilled lizards (D:1)
  2 rats (D:1)
130 creatures vanquished.

Notes
Turn   | Place    | Note
-------+----------+-------------------------------------------
     0 | D:1      | protoss039 the Demonspawn Earth Elementalist began the
                  | quest for the Orb.
     0 | D:1      | Reached XP level 1. HP: 13/13 MP: 3/3
   163 | D:1      | Gained mutation: You are partially covered in sharp spines.
                  | [demonic ancestry]
   163 | D:1      | Reached XP level 2. HP: 20/20 MP: 5/5
   309 | D:1      | Reached skill level 1 in Polearms
   457 | D:1      | Gained mutation: You regenerate a little health from kills.
                  | [demonic ancestry]
   457 | D:1      | Reached XP level 3. HP: 25/25 MP: 6/6
   467 | D:2      | Found a hide-covered altar of Uskayaw.
   580 | D:2      | Reached skill level 1 in Fighting
   580 | D:2      | Reached skill level 1 in Armour
   593 | D:2      | Gained mutation: Your touch may inflict minor irresistible
                  | damage on your foes. [demonic ancestry]
   593 | D:2      | Reached XP level 4. HP: 19/32 MP: 7/7
   660 | D:2      | Noticed Robin
   670 | D:2      | Killed Robin
   993 | D:2      | Learned a level 3 spell: Passwall
   997 | D:2      | Learned a level 3 spell: Stone Arrow
  1111 | D:3      | Gained mutation: You are mostly covered in sharp spines.
                  | [demonic ancestry]
  1111 | D:3      | Reached XP level 5. HP: 37/37 MP: 7/9
  1248 | D:3      | Found a shimmering altar of Xom.
  1440 | D:3      | Identified the +4 spear "Qyuxe" {venom, rF- Str+4}
  1722 | D:4      | Found a hide-covered altar of Uskayaw.
  1838 | D:4      | Gained mutation: You have an unusually large brain. (Int
                  | +2) [demonic ancestry]
  1838 | D:4      | Reached XP level 6. HP: 42/44 MP: 10/10
  2082 | D:4      | Found a radiant altar of Vehumet.
  2106 | D:4      | Became a worshipper of Vehumet
  2151 | D:4      | Found a runed translucent door.
  2176 | D:4      | Noticed Ijyb
  2203 | D:4      | Killed Ijyb
  2368 | D:4      | Found a shadowy altar of Dithmenos.
  2491 | D:4      | Noticed Shym's ghost (amateur SpHs)
  2537 | D:5      | Entered Level 5 of the Dungeon
  2553 | D:5      | Reached XP level 7. HP: 51/51 MP: 10/12
  2807 | D:5      | Found a runed translucent door.
  2988 | D:5      | Found Loufunn's Magic Scroll Emporium.
  3004 | D:5      | Bought a scroll of noise for 12 gold pieces
  3004 | D:5      | Bought a scroll of identify for 24 gold pieces
  3004 | D:5      | Bought a scroll of teleportation for 36 gold pieces
  3004 | D:5      | Bought a scroll of poison for 48 gold pieces
  3186 | D:5      | Noticed TobyConnect's ghost (weakling HuDe)
  3253 | D:5      | Found a staircase to the Ecumenical Temple.
  3262 | D:5      | Found a runed translucent door.
  3277 | D:5      | Reached * piety under Vehumet
  3277 | D:5      | Offered knowledge of Freeze by Vehumet.
  3288 | D:5      | Killed TobyConnect's ghost
  3460 | D:6      | Slain by an orc warrior

Illustrated notes

Levels and vault maps discovered:
D:1:      spicycebolla_arrival_clurvy, layout_rooms
D:2:      layout_rooms, basic_altar, uniq_robin
D:3:      layout_loops_cross, xom_teletrap_fun, lemuel_flame_loot_1
D:4:      layout_cave_pods, old_standard_altar,
          mainiacjoe_overflow_six_doors_small, nicolae_uskayaw_suspiria,
          ebering_ghost_reflecting_pool, uniq_ijyb
D:5:      layout_loops_cross, minmay_temple_entry_statues,
          ebering_ghost_sewer_f, serial_shops, nicolae_shop_getting_attention
D:6:      layout_loops_ring, biasface_ghost_orc_armoury, serial_shops, shop,
          minmay_guarded_unrand_staff_of_olgreb, uniq_sigmund

Skill      XL: |  1  2  3  4  5  6  7 |
---------------+----------------------+-----
Polearms       | 1 2 3 |  3.0
Fighting       | 1 2 4 |  4.0
Armour         | 1 2 3 |  3.0
Earth Magic    | 3 4 |  4.5
Spellcasting   | 3 4 |  4.3
Dodging        | |  1.7
Stealth        | |  1.7
Conjurations   | |  1.0

Action                     |  1- 3 |  4- 6 |  7- 9 || total
---------------------------+-------+-------+-------++-------
  Melee: Spear             |    79 |   140 |    95 ||   314
         Unarmed           |     1 |    18 |       ||    19
         Touch             |       |    19 |    10 ||    29
         Punch             |       |       |     1 ||     1
   Cast: Sandblast         |     6 |       |       ||     6
  Evoke: Wand              |       |       |     4 ||     4
    Use: Scroll            |       |       |     2 ||     2
   Stab: Sleeping          |     2 |     3 |       ||     5
         Distracted        |     1 |       |       ||     1
         Confused          |       |     1 |       ||     1
 Armour: Robe              |     6 |       |       ||     6
         Ring mail         |    23 |    50 |       ||    73
         Chain mail        |       |     6 |    64 ||    70
         Skin              |       |     3 |       ||     3
  Dodge: Dodged            |    38 |    47 |    16 ||   101
